Map: Blackburn LE

Players

Ryu - Winner!

  • Race: Zerg Zerg

TerraN

  • Race: Terran Terran

Event: DreamHack SC2 Masters 2021 Winter

VOD

Have the link to the VOD?

Description

Time

  • Played on: Sept. 29, 2021, 4:22 p.m.
  • Length: 21:32

All games in this series

Show
View Real Time Build Order
Export as new Build Order

Ryu Zerg - Winner!

Build Orders: Hatch First 

Get SALT Encoding   

  12  0:00  Drone  
  13  0:12  Overlord  
  13  0:17  Drone  
  14  0:30  Drone  
  14  0:31  Drone  
  16  0:50  Hatchery  
  16  0:53  Drone  
  16  0:56  Drone  
  17  1:00  Drone  
  18  1:05  Extractor  
  17  1:17  Spawning Pool  
  16  1:19  Drone  
  16  1:23  Drone  
  18  1:29  Drone  
  19  1:40  Drone  
  20  1:52  Overlord  
  20  2:04  Queen x2  
  20  2:05  Zergling x2  
  20  2:06  Zergling x2  
  26  2:12  Metabolic Boost  
  26  2:16  Drone  
  26  2:19  Drone  
  28  2:25  Drone  
  28  2:44  Hatchery  
  27  2:46  Zergling x2  
  28  2:51  Spore Crawler  
  28  2:54  Drone  
  28  2:56  Drone x2  
  31  2:59  Queen  
  31  3:03  Drone  
  34  3:06  Drone  
  34  3:10  Drone  
  34  3:12  Overlord  
  36  3:23  Overlord  
  36  3:31  Drone x2  
  36  3:32  Drone x3  
  41  3:35  Roach Warren  
  41  3:38  Queen  
  42  3:43  Drone x2  
  44  3:51  Zergling x2, Queen  
  44  3:55  Zergling x2  
  48  3:58  Drone  
  49  4:03  Drone  
  49  4:08  Drone x2  
  51  4:11  Drone  
  51  4:12  Overlord  
  51  4:14  Drone  
  51  4:15  Overlord  
  53  4:18  Roach  
  53  4:19  Roach  
  53  4:21  Overlord  
  57  4:27  Spore Crawler  
  56  4:32  Roach  
  56  4:33  Overlord  
  56  4:34  Roach  
  56  4:35  Drone x2  
  56  4:37  Queen  
  64  4:39  Drone  
  64  4:43  Drone  
  64  4:45  Spore Crawler  
  65  4:48  Drone x3  
  65  4:52  Lair  
  68  4:55  Roach  
  68  5:06  Roach  
  68  5:08  Roach x2  
  68  5:12  Roach  
  67  5:20  Zergling x6  
  70  5:22  Zergling x2  
  70  5:25  Zergling x2  
  70  5:26  Zergling x4  
  70  5:29  Zergling x4, Queen  
  64  5:37  Queen, Roach x2  
  64  5:39  Zergling x2  
  64  5:42  Roach  
  60  5:51  Roach  
  60  5:54  Extractor  
  61  5:59  Queen  
  61  6:02  Drone x2  
  61  6:03  Drone  
  65  6:05  Queen  
  65  6:06  Drone x2  
  64  6:11  Zergling x2  
  64  6:12  Queen  
  64  6:13  Drone  
  64  6:15  Overseer  
  64  6:21  Zergling x2  
  64  6:23  Drone x3  
  68  6:26  Spore Crawler  
  68  6:29  Drone x3  
  70  6:35  Queen  
  70  6:39  Roach Warren, Extractor  
  70  6:40  Queen, Extractor  
  70  6:44  Drone, Extractor  
  70  6:45  Drone x2  
  73  6:47  Drone  
  73  6:48  Drone x5  
  79  7:00  Drone x2  
  81  7:02  Extractor, Overlord  
  81  7:03  Overlord  
  81  7:06  Hatchery  
  79  7:14  Evolution Chamber, Overlord x2  
  79  7:15  Evolution Chamber  
  76  7:17  Overlord  
  76  7:21  Drone x2  
  77  7:23  Drone x2  
  77  7:24  Drone x2  
  77  7:25  Roach x2  
  77  7:29  Overseer  
  85  7:35  Drone x5  
  87  7:38  Glial Reconstitution  
  87  7:45  Zerg Ground Armor Level 1, Zerg Melee Weapons Level 1  
  87  7:46  Queen  
  87  7:50  Drone  
  88  7:51  Drone  
  88  7:52  Baneling Nest  
  88  7:55  Drone x2  
  88  8:00  Roach x2  
  90  8:07  Drone x2  
  90  8:09  Roach x3  
  99  8:12  Ravager  
  99  8:13  Ravager x2  
  99  8:19  Drone  
  103  8:20  Drone x2  
  103  8:22  Drone x5  
  103  8:26  Spore Crawler  
  108  8:27  Roach  
  108  8:28  Roach  
  108  8:32  Overlord x2  
  112  8:35  Roach  
  112  8:39  Zergling x4  
  112  8:40  Zergling x4  
  118  8:47  Roach  
  119  8:50  Centrifugal Hooks  
  119  8:53  Roach  
  119  8:54  Roach x3  
  127  8:56  Ravager x4  
  127  8:59  Roach  
  127  9:02  Roach  
  135  9:04  Overlord  
  129  9:23  Roach x8  
  141  9:25  Zergling x6  
  144  9:32  Overlord x3  
  144  9:34  Infestation Pit  
  144  9:35  Baneling x4  
  144  9:37  Overlord x2  
  143  9:44  Drone  
  143  9:45  Zerg Melee Weapons Level 2, Zerg Ground Armor Level 2, Overlord  
  144  9:51  Zergling x10  
  149  9:59  Zergling x14  
  149  10:13  Hive  
  149  10:14  Drone  
  149  10:15  Drone, Spore Crawler  
  149  10:16  Extractor x2  
  148  10:22  Ravager  
  148  10:24  Ravager, Hatchery  
  148  10:25  Baneling x11, Spore Crawler  
  148  10:26  Zergling x2  
  148  10:27  Spore Crawler  
  144  10:38  Zergling x10  
  144  10:39  Zergling x12  
  144  10:42  Drone x3  
  158  10:45  Drone x2  
  158  10:46  Drone  
  161  10:55  Zergling x16  
  169  11:00  Overseer x2  
  169  11:01  Burrow  
  165  11:05  Baneling x4  
  165  11:06  Zergling x8  
  165  11:08  Baneling x5  
  169  11:16  Zergling x12  
  160  11:22  Infestor x3  
  166  11:28  Baneling x3  
  166  11:29  Baneling x8  
  166  11:30  Zergling x2  
  162  11:34  Zergling x2  
  162  11:35  Zergling x6  
  158  11:44  Zergling x18  
  158  11:46  Zergling x4  
  162  11:53  Drone x6  
  168  11:59  Ravager x2  
  168  12:00  Zergling x8  
  174  12:06  Zergling x8  
  178  12:13  Zergling x2, Ultralisk Cavern  
  178  12:14  Zergling x8  
  182  12:22  Zergling x10  
  177  12:23  Zergling x4  
  165  12:30  Zergling x18  
  165  12:38  Zergling x10  
  152  12:45  Roach x2  
  152  12:50  Baneling x11  
  153  12:52  Drone x3  
  153  12:54  Zergling x2  
  153  12:57  Zerg Ground Armor Level 3  
  153  12:58  Zerg Melee Weapons Level 3  
  157  13:00  Baneling x10  
  157  13:04  Chitinous Plating  
  157  13:07  Zergling x8  
  161  13:21  Zergling x24  
  172  13:28  Drone x3  
  172  13:29  Extractor  
  172  13:31  Baneling x2  
  172  13:32  Baneling x2  
  174  13:41  Spore Crawler  
  173  13:46  Spore Crawler  
  173  13:50  Ultralisk  
  173  13:51  Ultralisk  
  173  13:53  Baneling x5  
  183  13:55  Overlord x2  
  183  13:56  Extractor, Overlord x3  
  182  14:09  Overseer  
  181  14:16  Spire  
  180  14:17  Ultralisk  
  180  14:19  Drone x6, Hatchery  
  180  14:23  Anabolic Synthesis  
  189  14:32  Drone x3  
  189  14:38  Ultralisk  
  196  14:46  Hatchery  
  191  14:53  Spire  
  189  15:15  Drone x4  
  189  15:16  Pathogen Glands, Spore Crawler x2  
  181  15:24  Drone x2  
  183  15:30  Greater Spire  
  183  15:33  Drone x3  
  183  15:34  Drone x2  
  188  15:38  Infestor  
  188  15:39  Infestor x2  
  194  15:59  Corruptor x2  
  189  16:06  Zerg Flyer Armor Level 1  
  189  16:10  Extractor  
  185  16:12  Spore Crawler, Extractor  
  185  16:13  Drone x3, Spore Crawler  
  185  16:14  Drone x3  
  185  16:15  Corruptor x2  
  185  16:16  Spine Crawler, Corruptor  
  185  16:17  Spine Crawler  
  192  16:31  Zerg Missile Weapons Level 1  
  192  16:37  Corruptor  
  192  16:38  Corruptor  
  193  16:44  Brood Lord x2  
  189  16:47  Brood Lord x3  
  190  16:57  Corruptor x3  
  196  17:05  Corruptor x2  
  194  17:10  Adrenal Glands  
  194  17:11  Neural Parasite  
  194  17:17  Corruptor x2  
  180  17:30  Brood Lord x4  
  180  17:31  Brood Lord, Corruptor x5  
  180  17:36  Overseer x2  
  199  17:46  Corruptor  
  198  17:56  Hatchery  
  197  17:58  Overseer  
  197  17:59  Pneumatized Carapace  
  196  18:07  Drone x2, Infestor x6  
  196  18:08  Drone  
  196  18:09  Drone x2  
  196  18:10  Drone x3, Spore Crawler  
  196  18:11  Spore Crawler  
  196  18:12  Spore Crawler x2  
  196  18:13  Drone x2, Spore Crawler x2  
  196  18:14  Spore Crawler x2  
  196  18:19  Corruptor x3  
  183  18:50  Corruptor x3  
  183  18:51  Brood Lord x3  
  183  18:54  Zergling x8  
  188  19:26  Brood Lord x2, Corruptor x4  
  192  19:39  Zergling x2  
  192  19:40  Zergling x20  
  181  19:49  Zergling x18  
  181  19:50  Queen x2  
  179  19:54  Brood Lord x3  
  179  19:56  Zergling x14  
  190  20:20  Brood Lord  
  190  20:21  Brood Lord x3, Corruptor x3  
  190  20:22  Corruptor  
  190  20:25  Overseer, Baneling x4  
  198  20:31  Baneling x9  
  188  21:00  Zergling x28  
  186  21:26  Extractor  
  186  21:27  Extractor  
Show
View Real Time Build Order
Export as new Build Order

TerraN Terran 

Build Orders: Hellion Opening, Reaper Expand 

Get SALT Encoding   

  12  0:00  SCV  
  13  0:12  SCV  
  14  0:17  Supply Depot  
  14  0:24  SCV  
  15  0:39  SCV  
  15  0:41  Barracks  
  16  0:44  Refinery  
  16  0:51  SCV  
  17  1:03  SCV  
  18  1:15  SCV  
  19  1:28  Reaper, Orbital Command  
  20  1:42  Command Center  
  20  1:51  Supply Depot  
  20  1:53  SCV  
  21  1:59  Marine  
  22  2:05  SCV  
  23  2:13  Factory, Refinery  
  23  2:18  SCV  
  24  2:23  Barracks Reactor  
  24  2:32  SCV  
  25  2:45  SCV  
  26  2:55  Orbital Command  
  26  2:58  Starport, SCV  
  27  3:07  Hellion x2  
  27  3:10  SCV  
  27  3:12  Barracks Tech Lab  
  32  3:21  SCV  
  32  3:22  SCV  
  32  3:26  Supply Depot  
  34  3:28  Hellion x2  
  38  3:35  SCV, Viking  
  38  3:36  Marauder, Concussive Shells  
  38  3:40  SCV  
  44  3:50  SCV  
  44  3:51  Hellion x2  
  44  3:54  Supply Depot  
  49  3:56  SCV  
  49  3:57  Marauder  
  52  4:05  Medivac  
  54  4:15  SCV x2, Armory  
  56  4:18  Supply Depot  
  56  4:19  Hellion  
  56  4:20  Hellion  
  62  4:24  Marauder  
  62  4:33  SCV  
  63  4:41  Hellion x2, SCV  
  63  4:45  Supply Depot  
  68  4:50  SCV  
  66  5:13  Hellion  
  67  5:14  SCV x2  
  67  5:25  Cloaking Field, Banshee  
  67  5:26  SCV x2  
  67  5:27  Barracks Tech Lab  
  68  5:30  Command Center  
  66  5:38  SCV  
  66  5:39  SCV  
  66  5:42  Hellion  
  66  5:47  Barracks  
  66  5:48  Barracks  
  64  5:51  SCV x2  
  64  5:54  Stimpack  
  66  6:03  SCV x2  
  68  6:10  Hellion x2, Banshee  
  71  6:14  Refinery  
  71  6:15  Supply Depot, SCV x2, Refinery  
  69  6:26  Marine  
  69  6:27  SCV x2  
  69  6:28  Engineering Bay  
  69  6:31  Engineering Bay  
  72  6:39  Barracks Reactor, SCV x2  
  74  6:40  Barracks  
  74  6:41  Barracks  
  74  6:51  SCV x2  
  76  6:56  Marine  
  76  6:57  Marine x2  
  79  7:03  SCV x2  
  79  7:04  Starport Reactor  
  81  7:09  Terran Infantry Weapons Level 1, Terran Infantry Armor Level 1  
  81  7:10  Orbital Command  
  81  7:14  Marine  
  83  7:15  SCV x2  
  83  7:19  Marine x2  
  83  7:20  Siege Tank, Marine x2  
  91  7:27  SCV x2  
  91  7:28  Barracks Reactor x2  
  93  7:32  Marine  
  91  7:37  Marine x2  
  91  7:38  Marine x2  
  91  7:39  SCV  
  91  7:40  SCV  
  91  7:41  Barracks  
  91  7:42  Barracks  
  91  7:43  Barracks  
  97  7:50  Supply Depot x2, Marine  
  98  7:52  SCV x2  
  98  7:53  Siege Tank  
  98  7:54  Medivac x2  
  98  7:55  Marine x2  
  109  8:12  SCV x2, Marine x3  
  114  8:13  Marine x2  
  114  8:17  Supply Depot, Marine x4  
  114  8:18  Supply Depot x2  
  114  8:19  Supply Depot  
  120  8:24  SCV x2  
  120  8:25  Medivac  
  124  8:29  Marine  
  125  8:38  Marine x5  
  125  8:39  Medivac, Siege Tank, Marine x6  
  141  8:47  Marine  
  140  8:51  Combat Shield  
  140  8:56  Marine x4  
  140  9:01  Marine x2  
  146  9:05  Marine  
  146  9:06  Marine  
  146  9:10  Marine  
  146  9:11  Siege Tank  
  146  9:13  Marine  
  146  9:14  Marine x4  
  153  9:19  Medivac x2  
  153  9:24  Marauder, Supply Depot, Marine x3  
  157  9:25  Supply Depot x2  
  157  9:29  Terran Infantry Weapons Level 2, Terran Infantry Armor Level 2  
  157  9:30  Marine x2  
  161  9:37  Marine x4  
  165  9:45  Marine x5  
  165  9:48  Supply Depot  
  165  9:49  Command Center  
  165  9:51  Supply Depot  
  163  10:10  Marine  
  163  10:11  Marauder, Marine  
  167  10:15  Siege Tank, Marine x2  
  167  10:19  Marine x2  
  167  10:20  Marine x5  
  177  10:21  Liberator  
  177  10:22  Liberator  
  177  10:24  Supply Depot  
  180  10:28  Marine x2  
  180  10:32  Marauder  
  180  10:33  Marine x2  
  186  10:37  Marine x2  
  186  10:38  Supply Depot  
  186  10:41  Marine x2  
  186  10:42  Marine  
  182  10:46  Barracks Tech Lab  
  182  10:47  Siege Tank  
  185  10:52  Marine x3  
  185  10:54  Marauder  
  185  10:56  Marine x4  
  194  11:03  Marine  
  194  11:04  Marine x3  
  195  11:10  Marine  
  199  11:15  Marauder  
  192  11:20  Marine x2  
  192  11:22  Marauder  
  196  11:27  Siege Tank, Marine  
  196  11:32  Command Center  
  199  11:36  Marauder  
  187  11:41  Marine x2  
  187  11:43  Marine  
  187  11:44  Marauder  
  180  11:47  Liberator x2  
  180  11:50  Marine x5  
  180  11:51  Marine x2  
  192  11:57  Marine  
  192  11:58  Planetary Fortress  
  192  11:59  Siege Tank, Marine x2  
  198  12:01  Marine  
  198  12:05  Refinery, Marine  
  198  12:07  Refinery  
  200  12:22  Marine x2  
  190  12:23  Marauder x2, Marine  
  180  12:30  Marine x2  
  180  12:34  Marine x2  
  175  12:44  Marauder, Marine x2  
  140  12:45  Marauder  
  140  12:46  Siege Tank  
  140  12:50  Marine x5  
  149  12:51  Marine  
  149  12:52  Marine  
  149  12:55  Factory  
  149  12:57  Factory  
  151  13:02  Marine x2  
  153  13:05  Marine  
  153  13:06  Marine  
  153  13:08  Barracks Tech Lab, Marine x2  
  153  13:10  SCV, Marine x2  
  153  13:11  SCV x2  
  161  13:13  Barracks Tech Lab  
  161  13:15  Command Center, Terran Infantry Armor Level 3  
  161  13:22  SCV  
  161  13:23  SCV x2, Marine x2  
  163  13:28  SCV  
  163  13:29  Marine x2  
  163  13:30  Planetary Fortress  
  163  13:31  Sensor Tower  
  163  13:33  Sensor Tower  
  166  13:35  SCV x3  
  166  13:40  SCV  
  170  13:47  SCV  
  171  13:50  Marauder x3  
  171  13:51  Marauder  
  176  13:57  Medivac x2  
  176  13:59  Factory Tech Lab  
  176  14:00  Factory Tech Lab  
  176  14:11  Marauder  
  176  14:12  Marauder x2  
  182  14:23  Siege Tank x2  
  188  14:30  Sensor Tower  
  188  14:33  Marauder, Orbital Command  
  190  14:38  Command Center  
  190  14:45  Ghost Academy  
  190  14:52  Marauder x2  
  194  14:58  Marauder x2  
  198  15:02  Medivac x2  
  198  15:06  Starport  
  198  15:07  Starport  
  198  15:09  Refinery  
  198  15:10  Refinery  
  198  15:12  Command Center  
  198  15:15  Command Center  
  198  15:25  Command Center  
  198  15:31  Personal Cloaking  
  198  15:36  Medivac  
  200  15:53  Fusion Core  
  196  16:16  Ghost x2  
  200  16:21  Refinery x2  
  200  16:23  Command Center  
  200  16:24  Command Center  
  200  16:25  Missile Turret  
  200  16:28  Orbital Command  
  200  16:30  Missile Turret  
  199  16:32  Refinery  
  199  16:33  Refinery  
  197  16:54  Ghost  
  197  16:56  Orbital Command  
  197  16:58  Command Center  
  199  17:12  Ghost x2  
  199  17:15  Ghost  
  197  17:22  Siege Tank  
  199  17:28  Ghost  
  194  17:45  Ghost x3  
  194  17:57  Ghost  
  194  18:13  Planetary Fortress, Ghost x3  
  192  18:35  Orbital Command  
  192  18:37  Viking  
  194  18:42  Ghost  
  192  18:56  Marine x6  
  192  18:57  Marine x2  
  192  18:59  Viking  
  199  19:03  Barracks x2  
  199  19:04  Barracks  
  199  19:06  Barracks  
  196  19:10  Ghost  
  190  19:19  Marine x2  
  190  19:20  Marine x2  
  190  19:22  Marine x3  
  190  19:23  Viking, Marine  
  190  19:24  Viking x2  
  196  19:29  Viking  
  194  19:37  Marine x2  
  188  19:38  Marine x2  
  188  19:39  Ghost  
  188  19:40  Marine x4  
  135  19:53  Viking  
  135  19:54  Viking x2  
  135  19:55  Marine x2  
  135  19:56  Marine x2, Thor  
  135  19:58  Marine x4  
  135  19:59  Viking  
  153  20:07  Ghost  
  153  20:10  Marine  
  153  20:13  Marine x2  
  153  20:14  Marine x2  
  155  20:16  Marine x4  
  151  20:23  Viking  
  151  20:24  Viking x2, Marine x3  
  151  20:28  Marine  
  159  20:29  Viking  
  159  20:30  Marine  
  159  20:31  Marine  
  159  20:32  Marine x2  
  159  20:33  Marine  
  159  20:34  Marine x3  
  168  20:36  Ghost  
  168  20:41  Marine x2  
  164  20:52  Marine x2  
  164  20:53  Viking  
  164  20:54  Viking x2  
  164  20:56  Marine x8  
  144  20:59  Viking, Marine x2  
  109  21:10  Marine x2  
  91  21:13  Marine  

Tags
 
Add a new tag
Caveats
  • Supply blocks, unpowered buildings, or Contaminate may cause inaccurate times.
  • Supply counts are checked every 10 seconds.